cohdb
Replays
Latest Replays
All Replays
Popular Replays
Top Player Replays
Match Explorer
How It Works
Community
CoH3 Stats
Reddit
Sign in to upload your games and track your stats! →
Sign in with Steam
Match 40098394
Unlisted
Match 40098394
Overview
Messages
Build Orders
End
Construct Infanterie Kompanie
Selects Terror Battlegroup
Selects Machine Gun Camouflage
Grenadier Squad
MG 42 Machine Gun Team
Grenadier Squad
Grenadier Squad
MG 42 Machine Gun Team
Construct Luftwaffe Kompanie
Jäger Squad
Selects Interrogate
Jäger Squad
Luftwaffe Officer Quarters
Support Elements
Construct Panzer Kompanie
Selects Defend the Fatherland
Panzer IV Medium Tank
Gravey
El Macho
I Dindu Nuffin
Marcus Edward
agrobio
Dadical
NuNuKING
AIASTIN
0
0
Comments
sign in to comment!
No comments posted yet!